 Dungeon Crawl Stone Soup version 0.30-a0-845-g7c6808c8ce (webtiles) character file.

Game seed: 4298963964598521419

44 qeuew the Trooper (level 3, -3/29 HPs)
             Began as a Demonspawn Chaos Knight on Mar 2, 2023.
             Was a Plaything of Xom.
             Slain by Sigmund
             ... wielding a +4 scythe
              (9 damage)
             ... on level 2 of the Dungeon.
             The game lasted 00:01:27 (762 turns).

qeuew the Trooper (Demonspawn Chaos Knight)          Turns: 762, Time: 00:01:28

Health: -3/29      AC:  6    Str: 14    XL:     3   Next: 41%
Magic:  3/3        EV: 11    Int: 13    God:    Xom [.....*]
Gold:   25         SH:  0    Dex: 12    Spells: 2/2 levels left

rFire   . . .      SeeInvis .    a - +0 mace (chaos)
rCold   . . .      Faith    .    (no shield)
rNeg    . . .      Spirit   .    b - +3 leather armour
rPois   +          Reflect  .    (helmet restricted)
rElec   .          Rampage  .    (no cloak)
rCorr   .          Rage     3%   (no gloves)
Will    .....                    (no boots)
Stlth   +                        (no amulet)
HPRegen 0.24/turn                d - ring of poison resistance
MPRegen 0.08/turn                (no ring)

@: no status effects
A: antennae 1, spiny 1, berserk 1
a: Renounce Religion


You were on level 2 of the Dungeon.
You worshipped Xom.
You were Xom's teddy bear.
You visited 1 branch of the dungeon, and saw 2 of its levels.

You collected 25 gold pieces.

Inventory:

Hand Weapons
 a - a +0 mace of chaos (weapon)
Armour
 b - a +3 leather armour (worn)
Jewellery
 d - a ring of poison resistance (left hand)
Scrolls
 e - a scroll of teleportation {unknown}
 i - a scroll of identify
Miscellaneous
 c - a piece from Xom's chessboard (15/15) (quivered)


   Skills:
 + Level 3.2 Fighting
 * Level 3.2 Maces & Flails
 + Level 2.1 Armour
 + Level 1.3 Dodging
 + Level 1.1 Evocations


You had 2 spell levels left.
You didn't know any spells.
Your spell library was empty.

Dungeon Overview and Level Annotations

Branches:
Dungeon (2/15)

Altars:

Annotations:
D:2 Sigmund


Innate Abilities, Weirdness & Mutations

You have a pair of small antennae on your head.
You are partially covered in sharp spines.
You sometimes lose your temper in combat.


Message History

Sigmund is severely wounded.
Sigmund is struck by your spines. Sigmund closely misses you. x2
You hit Sigmund. You freeze Sigmund. You punch Sigmund, but do no damage.
Sigmund is almost dead.
You catch the helpless Sigmund completely off-guard!
You hit Sigmund but do no damage.
Sigmund is almost dead.
Sigmund gestures wildly.
Sigmund drinks a potion.
Sigmund is healed!
Sigmund seems less confused.
Sigmund hits you with a +4 scythe!
You are too injured to fight recklessly!
You are too injured to fight recklessly!
You are too injured to fight recklessly!
You are too injured to fight recklessly!
You are too injured to fight recklessly!
You are too injured to fight recklessly!
You are too injured to fight recklessly!
You are too injured to fight recklessly!
You are too injured to fight recklessly!
You are too injured to fight recklessly!
You are too injured to fight recklessly!
You are too injured to fight recklessly!
You are too injured to fight recklessly!
You are too injured to fight recklessly!
You are too injured to fight recklessly!
You are too injured to fight recklessly!
You barely miss Sigmund.
Sigmund is severely wounded.
Sigmund barely misses you. The hobgoblin closely misses you.
You hit Sigmund.
Sigmund is poisoned.
Sigmund is severely wounded.
Sigmund hits you with a +4 scythe. The hobgoblin closely misses you.
You hit Sigmund but do no damage.
Sigmund looks even sicker.
Sigmund is severely wounded.
Sigmund gestures at you while chanting. The puff of flame hits you.
* * * LOW HITPOINT WARNING * * *
Sigmund hits you with a +4 scythe!
You die...
Xom bursts into laughter!

#######
######.....###
#....'.....'..
#.####.g...#
#.####@@...####
#.##.+........ #
#.##.#....)###.# #
#.##.#..<).#.#.# .#
#.##.#.....#.#.#..#.
#.##.......†........
#.##>...............
#...........|#.#.>.
######.####### #


You could see Sigmund (fast, very poisoned) and a hobgoblin.

Vanquished Creatures
  A gnoll (D:1)
  3 dart slugs (D:1)
  4 bats
  An endoplasm (D:1)
  2 giant cockroaches
  5 goblins
  A hobgoblin (D:1)
  2 quokkas
  4 ball pythons (D:1)
  4 frilled lizards
  2 kobolds (D:1)
29 creatures vanquished.

Vanquished Creatures (collateral kills)
  A goblin (D:1)
1 creature vanquished.

Grand Total: 30 creatures vanquished

Notes
Turn   | Place    | Note
-------+----------+-------------------------------------------
     0 | D:1      | qeuew the Demonspawn Chaos Knight began the quest for the
                  | Orb.
     0 | D:1      | Reached XP level 1. HP: 18/18 MP: 1/1
    80 | D:1      | Reached skill level 1 in Dodging
   143 | D:1      | Gained mutation: You are partially covered in sharp spines.
                  | [demonic ancestry]
   143 | D:1      | Reached XP level 2. HP: 24/24 MP: 2/2
   265 | D:1      | XOM: silly message
   308 | D:1      | XOM: enchant monster (good)
   379 | D:1      | XOM: 2-stop teleportation journey
   518 | D:1      | XOM: smoke on damage
   520 | D:1      | Discovered your monstrous ancestry.
   520 | D:1      | Gained mutation: You have a pair of small antennae on your
                  | head. [demonic ancestry]
   520 | D:1      | Reached XP level 3. HP: 25/29 MP: 3/3
   523 | D:1      | Reached skill level 1 in Evocations
   660 | D:1      | Gained mutation: You sometimes lose your temper in combat.
                  | [potion of mutation]
   669 | D:2      | XOM: noise
   718 | D:2      | XOM: god gift: ring of poison resistance
   747 | D:2      | Noticed Sigmund
   755 | D:2      | XOM: confuse monster(s)
   762 | D:2      | Slain by Sigmund

Illustrated notes

Levels and vault maps discovered:
D:1:      saegor_arrival_miasma, layout_basic
D:2:      layout_basic, minmay_circle_x, uniq_sigmund

Skill      XL: |  1  2  3 |
---------------+----------+-----
Dodging        | 1 |  1.3
Maces & Flails | 3 |  3.2
Armour         | 2 |  2.1
Evocations     | 1 |  1.1
Fighting       | |  3.2

Action                     || total
---------------------------++-------
  Melee: Mace              ||    56
         Punch             ||     1
    Use: Scroll            ||     5
         Potion            ||     2
   Stab: Confused          ||     1
 Armour: Leather armour    ||    13
  Dodge: Dodged            ||    31

Table legend: (Time is in decaauts)
 A = Elapsed time spent in this place.
 B = Non-inter-level travel time spent in this place.
 C = Inter-level travel time spent in this place.
 D = Time resting spent in this place.
 E = Time spent auto-exploring this place.
 F = Levels seen in this place.
 G = Mean time per level.
                   A        B        C        D        E       F      G
               +--------+--------+--------+--------+--------+-----+--------+
         Total |    774 |    771 |      3 |      0 |    613 |   2 |  387.0 |
       Dungeon |    774 |    771 |      3 |      0 |    613 |   2 |  387.0 |
               +--------+--------+--------+--------+--------+-----+--------+

Top non-repeatable levels by time:
     D:1: 677 daAuts
     D:2: 97 daAuts
